 Dungeon Crawl Stone Soup version 0.18.1-50-g88ac8fd (webtiles) character file.

261 magog001 the Shield-Bearer (level 5, -1/47 HPs)
             Began as a Minotaur Fighter on May 11, 2018.
             Was an Initiate of Gozag.
             Slain by a gnoll
             ... wielding a +0 spear
              (4 damage)
             ... on level 4 of the Dungeon.
             The game lasted 00:15:04 (2524 turns).

magog001 the Shield-Bearer (Minotaur Fighter)       Turns: 2524, Time: 00:15:05

Health: -1/47      AC:  7    Str: 27    XL:     5   Next: 96%
Magic:  4/4        EV:  8    Int: 10    God:    Gozag
Gold:   353        SH: 10    Dex:  9    Spells: 0 memorised, 4 levels left

rFire  . . .     SeeInvis .     a - +0 war axe
rCold  . . .     Gourm    .     b - +0 scale mail
rNeg   . . .     Faith    .     c - +0 shield
rPois  .         Spirit   .     (helmet restricted)
rElec  .         Dismiss  .     (no cloak)
rCorr  .         Reflect  .     (no gloves)
SustAt .         Harm     .     (no boots)
MR     .....                    (no amulet)
Stlth  ..........               (no ring)
                                (no ring)

@: mighty, brilliant, gold aura, not resistant to hostile enchantments,
extremely unstealthy
A: retaliatory headbutt, horns 2
a: Potion Petition, Call Merchant, Bribe Branch, Renounce Religion


You were on level 4 of the Dungeon.
You worshipped Gozag.
Gozag was noncommittal.
You were not hungry.

You visited 1 branch of the dungeon, and saw 4 of its levels.

You collected 367 gold pieces.
You paid 14 gold pieces to Gozag.

Inventory:

Hand Weapons
 a - a +0 war axe (weapon)
Missiles
 n - 28 sling bullets
Armour
 b - a +0 scale mail (worn)
 c - a +0 shield (worn)
Scrolls
 g - 2 scrolls of remove curse {unknown}
 h - 2 scrolls of identify {unknown}
 i - 2 scrolls of teleportation {unknown}
 j - 2 scrolls of noise {unknown}
 l - a scroll of random uselessness {unknown}
 m - a scroll of enchant weapon {unknown}
 o - a scroll of recharging {unknown}
 q - a scroll of magic mapping {unknown}
Potions
 d - a potion of might
 p - a potion of mutation {unknown}
Comestibles
 f - 3 bread rations


   Skills:
 * Level 4.3 Fighting
 * Level 3.6 Axes
 * Level 5.0 Armour
 - Level 1.8 Dodging
 * Level 5.7 Shields


You had 4 spell levels left.
You didn't know any spells.

Dungeon Overview and Level Annotations

Branches:
Dungeon (4/15)
 Temple: D:4-7

Altars:
Gozag
Pakellas


Innate Abilities, Weirdness & Mutations

You reflexively headbutt those who attack you in melee.
You have a pair of horns on your head.


Message History

The gnoll hits you but does no damage. The gnoll barely misses you.
Drink which item? (? for menu, Esc to quit)
You feel very mighty all of a sudden.
You block the gnoll's attack. x2; The gnoll hits you.
* * * LOW HITPOINT WARNING * * *
Unknown command.
You barely miss the gnoll.
The gnoll is heavily wounded.
You hit the gnoll.
The gnoll is severely wounded.
You hit the gnoll.
The gnoll is moderately wounded.
You block the gnoll's attack. x2; The gnoll hits you with a flail.
* * * LOW HITPOINT WARNING * * *
Drink which item? (? for menu, Esc to quit)
It was a potion of brilliance.
You feel clever all of a sudden. The gnoll hits you with a spear.
You die...
Your body crumbles into a pile of gold.

### #........
...#####........
................
...............
.............
...........# ##.....#
......g...# +......#
#...$@g.## +......##
#....)g(.### #.......
#..........#####......
#.....................
#................)....
#.....................
#.....................
######................
#................


You could see 3 gnolls.

Vanquished Creatures
  An orc priest (D:4)
  A centaur skeleton (D:3)
  An iguana (D:4)
  Natasha (D:2)
  Terence (D:3)
  A gnoll (D:4)
  5 adders
  An ooze (D:3)
  4 dart slugs
  A giant gecko (D:3)
  2 orcs (D:4)
  2 ball pythons (D:2)
  13 bats
  2 giant cockroaches
  3 goblins
  4 hobgoblins
  3 jackals (D:3)
  10 kobolds
  A quokka (D:3)
  6 rats
63 creatures vanquished.

Vanquished Creatures (others)
  A fire dragon (D:2)
  A bush (D:2)
  5 toadstools (D:1)
7 creatures vanquished.

Grand Total: 70 creatures vanquished

Notes
Turn   | Place    | Note
--------------------------------------------------------------
     0 | D:1      | magog001 the Minotaur Fighter began the quest for the Orb.
     0 | D:1      | Reached XP level 1. HP: 19/19 MP: 0/0
   112 | D:1      | Reached XP level 2. HP: 26/27 MP: 1/1
  1002 | D:2      | Reached XP level 3. HP: 32/33 MP: 2/2
  1196 | D:2      | Found an opulent altar of Gozag.
  1261 | D:2      | Became a worshipper of Gozag Ym Sagoz the Greedy
  1437 | D:2      | Noticed Natasha
  1445 | D:2      | Killed Natasha
  1445 | D:2      | Reached skill level 1 in Dodging
  1445 | D:2      | Reached XP level 4. HP: 39/40 MP: 3/3
  1653 | D:2      | Found an oddly glowing altar of Pakellas.
  1654 | D:2      | Noticed a fire dragon
  1674 | D:2      | Killed a fire dragon
  1986 | D:3      | Noticed Terence
  2001 | D:3      | Killed Terence
  2001 | D:3      | Reached skill level 5 in Shields
  2001 | D:3      | Reached XP level 5. HP: 43/46 MP: 4/4
  2443 | D:4      | Reached skill level 5 in Armour
  2524 | D:4      | Slain by a gnoll

Skill      XL: |  1  2  3  4  5 |
---------------+----------------+-----
Shields        | 4 5 |  5.7
Armour         | 4 5 |  5.0
Dodging        | 1 |  1.8
Axes           | 3 |  3.6
Fighting       | 4 |  4.3

Action                   |  1- 3 |  4- 6 || total
-------------------------+-------+-------++-------
Melee: War axe           |    82 |    78 ||   160
       Headbutt          |    10 |    10 ||    20
Invok: Potion Petition   |     1 |       ||     1
  Use: Potion            |       |     2 ||     2
 Stab: Distracted        |       |     1 ||     1
  Eat: Chunk             |     2 |       ||     2
       Fruit             |       |     4 ||     4
Armor: Scale mail        |    49 |    49 ||    98
Dodge: Dodged            |    42 |    22 ||    64
Block: Shield            |    50 |    57 ||   107
